 Dungeon Crawl Stone Soup version 0.31-a0-1458-g2f8d4710b4 (webtiles) character file.

Game seed: 17183966019527833641

1197 Ates the Covered (level 8, 0/48 HPs)
             Began as a Gargoyle Fighter on Dec 28, 2023.
             Slain by a shadow (6 damage)
             ... on level 6 of the Dungeon on Dec 29, 2023.
             The game lasted 01:10:36 (4951 turns).

Ates the Covered (Gargoyle Fighter)                 Turns: 4951, Time: 01:10:36

Health: 0/48       AC: 17    Str: 22    XL:     8   Next: 44%
Magic:  8/8        EV: 10    Int:  9    God:
Gold:   281        SH:  0    Dex:  9    Spells: 7/7 levels left

rFire   . . .        a - +0 trident
rCold   . . .        (no shield)
rNeg    + . .        b - +1 scale mail
rPois   ∞            (no helmet)
rElec   +            (no cloak)
rCorr   .            n - +1 pair of gloves
SInv    .            f - +0 pair of boots
Will    .....        (no amulet) Stlth
                     (no ring)
HPRegen 0.28/turn    (no ring)
MPRegen 0.11/turn

%: no passive effects
@: no status effects
A: sickness immunity, AC +5, negative energy resistance 1, electricity
resistance, torment resistance 1, petrification resistance
a: no special abilities


You were on level 6 of the Dungeon.
You visited 1 branch of the dungeon, and saw 7 of its levels.

You collected 363 gold pieces.
You spent 82 gold pieces at shops.

Inventory:

Hand Weapons
 a - a +0 trident (weapon)
 h - a +0 dagger
 k - a +0 dagger
 o - a +0 dagger
 p - a +0 dagger
 r - a +0 dagger
 w - a +0 quarterstaff
 G - a +0 spear
 N - a +0 halberd of venom
Missiles
 i - 5 poisoned darts
Armour
 b - a +1 scale mail (worn)
 c - a +0 buckler
 f - a +0 pair of boots (worn)
 g - a +0 pair of gloves
 l - a +0 ring mail
 n - a +1 pair of gloves (worn)
 s - a +0 ring mail
 y - an orb of energy
 A - a +0 robe
 E - an orb of mayhem
 H - a +0 chain mail
 L - a +0 chain mail
Magical Staves
 B - a staff of conjuration
Talismans
 C - a beast talisman
Wands
 K - a wand of flame (18)
Scrolls
 e - 4 scrolls of identify {unknown}
 j - 4 scrolls of noise {unknown}
 q - a scroll of revelation {unknown}
 t - a scroll of enchant weapon {unknown}
 v - 6 scrolls of immolation {unknown}
 x - 3 scrolls of teleportation {unknown}
 F - 3 scrolls of torment {unknown}
 J - a scroll of vulnerability {unknown}
 M - a scroll of enchant armour
 O - a scroll of blinking {unknown}
Potions
 d - 2 potions of might
 m - 2 potions of heal wounds {unknown}
 u - 3 potions of curing {unknown}
 D - a potion of mutation {unknown}
 I - a potion of haste {unknown}
 P - a potion of enlightenment {unknown}


   Skills:
 + Level 4.8 Fighting
 + Level 6.1 Polearms
 + Level 6.3 Armour
 + Level 2.7 Dodging
 + Level 1.4 Stealth
 + Level 3.9 Shields


You had 7 spell levels left.
You didn't know any spells.
Your spell library contained the following spells:

 Spells                   Type           Power      Damage    Failure   Level
 Magic Dart               Conj           0%         1d3       69%         1
 Slow                     Hex            0%         N/A       69%         1
 Searing Ray              Conj           0%         2d4       83%         2
 Confusing Touch          Hex            0%         N/A       96%         3
 Fugue of the Fallen      Necr           0%         N/A       96%         3
 Ozocubu's Armour         Ice            0%         N/A       96%         3
 Sigil of Binding         Hex            0%         N/A       96%         3
 Vampiric Draining        Necr           0%         2d6       96%         3
 Cause Fear               Hex            0%         N/A       100%        4
 Fulminant Prism          Conj/Alch      0%         3d5       100%        4
 Manifold Assault         Tloc           0%         N/A       100%        4
 Fireball                 Conj/Fire      0%         3d3       100%        5
 Dragon's Call            Summ           0%         N/A       100%        9


Dungeon Overview and Level Annotations

Branches:
Dungeon (7/15)
 Temple: D:4-7

Altars:
Ru
Uskayaw

Shops:
D:1 =   D:3 ?   D:4 **


Innate Abilities, Weirdness & Mutations

You are immune to sickness and miasma.
Your stone body is resilient. (AC +5)
You are immune to poison.
You resist negative energy. (rN+)
You are resistant to electric shocks. (rElec)
You are resistant to unholy torment.
You are immune to petrification.


Message History

The shadow attacks as it pursues you! The shadow hits you.
The shadow imp spits at you.
There is an open door here.
The shadow attacks as it pursues you! The shadow hits you.
The shadow attacks as it pursues you! The shadow hits you.
The shadow closely misses you.
The shadow slips into darkness.
The shadow flickers and vanishes!
Deactivating autopickup; reactivate with Ctrl-A.
A hound is nearby!
The shadow strikes at you from the darkness!
* * * LOW HITPOINT WARNING * * *
Reactivating autopickup.
The shadow slips into darkness.
The shadow flickers and vanishes!
Deactivating autopickup; reactivate with Ctrl-A.
The kobold shouts!
A kobold comes into view. It is wielding a +0 dagger.
The kobold shouts!
A kobold brigand comes into view.
It is wielding a +0 club and quivering poisoned darts.
A kobold comes into view.
It is wielding a +1 short sword of venom.
A kobold comes into view.
It is wielding a +0 whip and quivering poisoned darts.
The kobold brigand shouts!
The kobold shouts!
The hound bites you but does no damage. The kobold misses you.
The kobold barely misses you. The kobold brigand misses you.
The kobold hits you with a +0 whip.
* * * LOW HITPOINT WARNING * * *
The kobold hits you but does no damage.
The kobold brigand hits you but does no damage.
The kobold throws a poisoned dart.
The poisoned dart closely misses you.
The air fills with toxic fumes!
As you read the scroll labelled DYAHOPNEIBB, it crumbles to dust.
It was a scroll of poison.
The kobold throws a poisoned dart.
The poisoned dart hits you!
The kobold throws a stone.
The stone hits you but does no damage.
There are monsters nearby!
There are monsters nearby!
The kobold throws a poisoned dart.
The shadow strikes at you from the darkness!
You die...

..# #.# #.............##...##..
..#####[# #.............##....#[#
........# #....§☼☼§§○§§§##....#.#
......### #....§§§§§§§§§§.....#.#
......# #....§☼§§☼☼○§S......#..
......#####....§§§§§YKKhg.YS..'##
.........))....§§§☼§KK.#####.....
......#####....☼§§§§§§K#####.....
......# #....§@☼§§§§☼#......Y..
......#####....§§○§§☼○☼#.........
.............###########.........
######.####.## ##..###########
#......# #....# # ########
+..5.#### # #..##..## #### ######
#'#Sh...###... .....#
..W##....#..Y.#


You could see an ice beast, a kobold brigand, a hound, an adder and 4 kobolds.

Vanquished Creatures
  Eustachio (D:5)
  Duvessa (D:5)
  2 scorpions
  5 wights
  Dowan (D:5)
  A howler monkey (D:4)
  4 hounds
  2 bombardier beetles
  An iguana (D:4)
  2 jellies
  Ijyb (D:4)
  4 gnolls (D:6)
  5 adders
  A white imp (D:7)
  4 worms
  3 dart slugs
  5 orcs
  8 ball pythons
  4 endoplasms
  2 giant cockroaches
  9 goblins
  10 hobgoblins
  2 quokkas
  5 bats
  4 frilled lizards
  2 kobolds
  5 rats
  A spectral hobgoblin (D:1)
95 creatures vanquished.

Notes
Turn   | Place    | Note
-------+----------+-------------------------------------------
     0 | D:1      | Ates the Gargoyle Fighter began the quest for the Orb.
     0 | D:1      | Reached XP level 1. HP: 14/14 MP: 1/1
   142 | D:1      | Reached XP level 2. HP: 19/19 MP: 2/2
   277 | D:2      | Reached XP level 3. HP: 20/23 MP: 3/3
   381 | D:1      | Found a faded altar of an unknown god.
   746 | D:2      | Reached XP level 4. HP: 28/28 MP: 4/4
   973 | D:1      | Found Zoesail's Jewellery Shoppe.
  1611 | D:3      | Found a sacrificial altar of Ru.
  1665 | D:3      | Found Gemoup's Magic Scroll Shop.
  1768 | D:4      | Reached skill level 1 in Stealth
  1958 | D:3      | Bought a scroll of enchant armour for 82 gold pieces
  2011 | D:4      | Found Heekka Xoef's Specific Store.
  2013 | D:5      | Entered Level 5 of the Dungeon
  2029 | D:4      | Reached XP level 5. HP: 26/33 MP: 5/5
  2056 | D:4      | Found Xuh Jum's General Store.
  2616 | D:5      | Reached XP level 6. HP: 33/38 MP: 6/6
  2728 | D:5      | Noticed Ijyb
  2990 | D:4      | Reached skill level 1 in Dodging
  3056 | D:4      | Killed Ijyb
  3138 | D:5      | Noticed Eustachio
  3145 | D:5      | Noticed Duvessa
  3162 | D:5      | Noticed Dowan
  3691 | D:5      | Killed Eustachio
  3692 | D:5      | Reached skill level 5 in Polearms
  3692 | D:5      | Reached XP level 7. HP: 43/43 MP: 7/7
  3747 | D:6      | Found a hide-covered altar of Uskayaw.
  3858 | D:6      | Reached skill level 5 in Armour
  4373 | D:6      | Reached XP level 8. HP: 16/48 MP: 8/8
  4498 | D:5      | Killed Duvessa
  4515 | D:5      | Killed Dowan
  4910 | D:6      | Noticed a shadow
  4951 | D:6      | Slain by a shadow

Illustrated notes

Levels and vault maps discovered:
D:1:      zelgadis_glass_arrival_small, layout_loops_ring,
          dreamdust_ecumenical_altar_drowned_temple, serial_shops,
          nicolae_shop_window_shopping, minmay_misc_feat_diagonals,
          serial_bayou_ford_a
D:2:      layout_rooms, minivault_27
D:3:      layout_loops_cross, hangedman_ru_absence, serial_shops,
          nicolae_shop_tiny_waterfront
D:4:      layout_cave_pools, nicolae_specific_store
D:5:      layout_cave_pools, uniq_eustachio, uniq_ijyb, uniq_duvessa
D:6:      minmay_bubble_buster, layout_basic,
          nicolae_uskayaw_murder_on_the_dancefloor,
          mainiacjoe_overflow_surrounded_room, mainiacjoe_overflow_swirl,
          enter_ossuary_4, kennysheep_flooded_box,
          hangedman_abyss_or_decor_jellyfish_corner
D:7:      layout_cave_pools, minmay_temple_entry_steel_oval,
          gammafunk_ghost_nasty_kobolds, serial_co_window_serial,
          co_window_paths_a, co_window_of_opportunity_a, co_window_paths_b,
          co_window_paths_b, co_window_of_opportunity_a,
          co_window_of_opportunity_a, co_window_cross_1, co_window_broadway_c,
          co_window_broadway_c, co_window_corner_cb, co_window_unsneaky_path_b,
          co_window_broadway_b, glass_columns_a, glass_columns_a,
          glass_columns_b, glass_columns_a, kennysheep_generic_room_5

Skill      XL: |  1  2  3  4  5  6  7  8 |
---------------+-------------------------+-----
Polearms       | 2 3 4 5 6 |  6.1
Armour         | 4 5 6 |  6.3
Stealth        | 1 |  1.4
Fighting       | 4 |  4.8
Dodging        | 1 2 |  2.7
Shields        | |  3.9

Action                     |  1- 3 |  4- 6 |  7- 9 || total
---------------------------+-------+-------+-------++-------
  Melee: Trident           |   123 |   250 |   149 ||   522
         Punch             |       |     3 |     2 ||     5
    Use: Scroll            |       |     1 |     1 ||     2
 Armour: Scale mail        |    72 |   246 |   108 ||   426
  Dodge: Dodged            |    49 |   181 |    74 ||   304
  Block: Buckler           |    23 |     5 |       ||    28
         Form:             |       |     1 |       ||     1
         Beast             |       |     1 |       ||     1

Table legend: (Time is in decaauts)
 A = Elapsed time spent in this place.
 B = Non-inter-level travel time spent in this place.
 C = Inter-level travel time spent in this place.
 D = Time resting spent in this place.
 E = Time spent auto-exploring this place.
 F = Levels seen in this place.
 G = Mean time per level.
                   A        B        C        D        E       F      G
               +--------+--------+--------+--------+--------+-----+--------+
         Total |   5050 |   2062 |   2988 |    527 |      0 |   7 |  721.4 |
       Dungeon |   5050 |   2062 |   2988 |    527 |      0 |   7 |  721.4 |
               +--------+--------+--------+--------+--------+-----+--------+

Top non-repeatable levels by time:
     D:4: 1084 daAuts
     D:6: 925 daAuts
     D:1: 876 daAuts
     D:3: 855 daAuts
     D:5: 838 daAuts
     D:2: 465 daAuts
     D:7: 4 daAuts
